General information
- name: BNet
- type: Ladder team game (AT/RT)
- host: Battle.net
- saver: Towers4Algernon
map: FullScaleAssault
- players: 8
- length: 68:55
- speed: Fast
- version: 1.23 W3XP
- replay type: Public
» download(564 KB)
Players
team 1 (loser)
Abuser_oN (
yellow | 100 APM | 4375 actions | 43:52)
7 Death Knight
3 Death Coil
3 Unholy Aura
1 Animate Dead
6 Lich
3 Frost Nova
2 Frost Armor
1 Death and Decay
» actions
| Assign group hotkey | 23 | |
| Build / train | 76 | |
| Enter build submenu | 24 | |
| Enter hero's abilities submenu | 14 | |
| Give item / drop item | 4 | |
| Remove unit from queue | 1 | |
| Right click | 1786 | |
| Select / deselect | 920 | |
| Select group hotkey | 1418 | |
| Use ability | 109 | |
4375 total
» units
| Acolyte | 3 | |
| Ghoul | 1 | |
| Crypt Fiend | 12 | |
| Frost Wyrm | 14 | |
30 total
» upgrades
| Creature Attack | 3 | |
| Burrow | 1 | |
| Web | 1 | |
| Creature Carapace | 3 | |
| Freezing Breath | 1 | |
9 total
» buildings
| Crypt | 2 | |
| Graveyard | 1 | |
| Ziggurat | 11 | |
| Altar of Darkness | 1 | |
| Tomb of Relics | 1 | |
| Nerubian Tower | 1 | |
| Halls of the Dead | 1 | |
| Black Citadel | 1 | |
| Sacrificial Pit | 1 | |
| Boneyard | 3 | |
| Spirit Tower | 4 | |
27 total
» build order
00:06 Crypt
00:09 Graveyard
00:36 Ziggurat
00:50 Altar of Darkness
01:15 Crypt
01:30 Ziggurat
01:37 Tomb of Relics
02:13 Nerubian Tower
02:20 Halls of the Dead
03:37 Ziggurat
05:21 Black Citadel
06:09 Sacrificial Pit
06:11 Ziggurat
06:53 Ziggurat
07:48 Boneyard
08:29 Boneyard
08:45 Boneyard
09:32 Ziggurat
10:55 Ziggurat
11:14 Ziggurat
13:01 Ziggurat
15:07 Spirit Tower
21:54 Spirit Tower
23:36 Spirit Tower
25:09 Ziggurat
26:40 Spirit Tower
27:06 Ziggurat
» items
| Rod of Necromancy | 2 | |
| Dust of Appearance | 3 | |
| Potion of Healing | 3 | |
| Potion of Mana | 2 | |
| Periapt of Vitality | 1 | |
| Orb of Corruption | 1 | |
| Scroll of Town Portal | 2 | |
14 total
JEEEEttbling (
pink | 41 APM | 1820 actions | 44:07)
4 Blademaster
2 Wind Walk
2 Critical Strike
» actions
| Basic commands | 63 | |
| Build / train | 75 | |
| ESC pressed | 4 | |
| Enter build submenu | 51 | |
| Enter hero's abilities submenu | 4 | |
| Give item / drop item | 2 | |
| Right click | 1071 | |
| Select / deselect | 410 | |
| Use ability | 140 | |
1820 total
» units
» buildings
| Altar of Storms | 2 | |
| Orc Burrow | 3 | |
| Voodoo Lounge | 3 | |
| Great Hall | 5 | |
| War Mill | 2 | |
| Watch Tower | 33 | |
| Stronghold | 1 | |
49 total
» build order
00:04 Altar of Storms
00:12 Orc Burrow
01:21 Orc Burrow
01:34 Voodoo Lounge
13:47 Great Hall
17:28 War Mill
17:57 Great Hall
18:45 Watch Tower
19:00 Watch Tower
19:03 Watch Tower
19:47 Watch Tower
20:09 Watch Tower
20:24 Watch Tower
20:56 Watch Tower
21:29 Watch Tower
21:36 Watch Tower
22:24 Watch Tower
22:26 Watch Tower
22:50 Watch Tower
22:51 Watch Tower
23:25 Watch Tower
23:31 War Mill
25:25 Watch Tower
25:47 Watch Tower
26:24 Watch Tower
26:52 Watch Tower
27:46 Watch Tower
28:09 Voodoo Lounge
28:18 Watch Tower
30:36 Stronghold
30:47 Voodoo Lounge
31:39 Great Hall
33:03 Altar of Storms
33:28 Watch Tower
33:28 Watch Tower
33:30 Watch Tower
33:31 Watch Tower
33:33 Watch Tower
33:35 Watch Tower
33:37 Watch Tower
34:19 Orc Burrow
39:39 Watch Tower
39:45 Watch Tower
40:44 Watch Tower
40:49 Watch Tower
40:57 Watch Tower
41:39 Great Hall
42:16 Great Hall
42:26 Watch Tower
» items
| Healing Salve | 6 | |
| Lesser Clarity Potion | 4 | |
| Scroll of Speed | 2 | |
| Boots of Speed | 1 | |
| Staff of Teleportation | 1 | |
14 total
Li3chtxcojones (
teal | 123 APM | 8501 actions | 68:54)
8 Death Knight
3 Death Coil
3 Unholy Aura
1 Animate Dead
1 Death Pact
6 Lich
3 Frost Nova
2 Dark Ritual
1 Death and Decay
4 Blademaster
2 Critical Strike
2 Bladestorm
» actions
| Assign group hotkey | 240 | |
| Basic commands | 108 | |
| Build / train | 108 | |
| Enter build submenu | 34 | |
| Enter hero's abilities submenu | 18 | |
| Give item / drop item | 1 | |
| Remove unit from queue | 6 | |
| Right click | 3211 | |
| Select / deselect | 1298 | |
| Select group hotkey | 3203 | |
| Use ability | 273 | |
8501 total
» units
| Acolyte | 4 | |
| Ghoul | 2 | |
| Crypt Fiend | 31 | |
| Obsidian Statue | 12 | |
| Meatwagon | 3 | |
| Peon | 3 | |
55 total
» upgrades
| Creature Attack | 3 | |
| Creature Carapace | 3 | |
| Burrow | 1 | |
| Destroyer Form | 1 | |
| Web | 1 | |
9 total
» buildings
| Crypt | 1 | |
| Graveyard | 2 | |
| Altar of Darkness | 1 | |
| Ziggurat | 9 | |
| Tomb of Relics | 1 | |
| Nerubian Tower | 2 | |
| Halls of the Dead | 1 | |
| Black Citadel | 1 | |
| Slaughterhouse | 2 | |
| Spirit Tower | 6 | |
| Great Hall | 14 | |
| Orc Burrow | 1 | |
41 total
» build order
00:31 Crypt
00:36 Graveyard
00:38 Graveyard
00:56 Altar of Darkness
00:58 Ziggurat
01:22 Ziggurat
01:24 Tomb of Relics
02:17 Nerubian Tower
02:53 Halls of the Dead
03:54 Ziggurat
03:55 Ziggurat
05:34 Black Citadel
05:39 Slaughterhouse
05:41 Slaughterhouse
05:43 Ziggurat
08:46 Ziggurat
08:47 Ziggurat
12:59 Ziggurat
13:00 Ziggurat
20:38 Spirit Tower
23:18 Nerubian Tower
23:19 Spirit Tower
23:20 Spirit Tower
23:22 Spirit Tower
23:24 Spirit Tower
30:09 Spirit Tower
59:29 Great Hall
59:32 Great Hall
61:53 Great Hall
62:05 Great Hall
63:02 Great Hall
63:10 Great Hall
63:25 Great Hall
64:22 Great Hall
65:24 Great Hall
65:32 Great Hall
65:38 Great Hall
65:43 Great Hall
65:57 Great Hall
66:40 Great Hall
68:15 Orc Burrow
» items
| Rod of Necromancy | 1 | |
| Potion of Mana | 1 | |
| Potion of Healing | 4 | |
| Orb of Corruption | 1 | |
| Scroll of Town Portal | 3 | |
| Dust of Appearance | 2 | |
12 total
rQ.MRG-CoLeXuS (
blue | 69 APM | 3006 actions | 43:49)
5 Blademaster
3 Wind Walk
2 Critical Strike
» actions
| Assign group hotkey | 17 | |
| Basic commands | 4 | |
| Build / train | 57 | |
| ESC pressed | 3 | |
| Enter build submenu | 45 | |
| Enter hero's abilities submenu | 5 | |
| Give item / drop item | 11 | |
| Right click | 1709 | |
| Select / deselect | 358 | |
| Select group hotkey | 666 | |
| Use ability | 130 | |
3006 total
» units
» upgrades
» buildings
| Altar of Storms | 1 | |
| Orc Burrow | 5 | |
| Voodoo Lounge | 2 | |
| Great Hall | 4 | |
| Stronghold | 1 | |
| War Mill | 3 | |
| Watch Tower | 14 | |
| Fortress | 1 | |
| Beastiary | 5 | |
36 total
» build order
00:02 Altar of Storms
00:08 Orc Burrow
01:29 Voodoo Lounge
10:46 Great Hall
12:21 Orc Burrow
12:33 Orc Burrow
12:35 Orc Burrow
17:21 Stronghold
17:30 War Mill
19:02 Watch Tower
19:03 Watch Tower
19:04 Watch Tower
19:07 Watch Tower
19:18 Watch Tower
19:35 Watch Tower
20:22 Watch Tower
20:38 Watch Tower
20:48 Watch Tower
20:57 Watch Tower
21:21 Fortress
24:10 Beastiary
24:10 Beastiary
24:15 Beastiary
24:59 Beastiary
25:15 War Mill
26:02 Beastiary
28:39 War Mill
28:52 Voodoo Lounge
29:35 Great Hall
30:37 Great Hall
30:42 Watch Tower
30:43 Watch Tower
30:45 Watch Tower
30:46 Watch Tower
32:13 Orc Burrow
38:02 Great Hall
» items
| Circlet of Nobility | 1 | |
| Healing Salve | 4 | |
| Lesser Clarity Potion | 7 | |
| Boots of Speed | 1 | |
| Staff of Teleportation | 1 | |
| Orb of Lightning | 1 | |
| Dust of Appearance | 1 | |
16 total
team 2 (winner)
BorschtSalesman (
green | 49 APM | 3365 actions | 68:54)
5 Archmage
3 Blizzard
2 Brilliance Aura
» actions
| Assign group hotkey | 6 | |
| Basic commands | 3 | |
| Build / train | 126 | |
| ESC pressed | 1 | |
| Enter build submenu | 67 | |
| Enter hero's abilities submenu | 5 | |
| Give item / drop item | 1 | |
| Right click | 1851 | |
| Select / deselect | 1131 | |
| Select group hotkey | 28 | |
| Use ability | 145 | |
3365 total
» units
» upgrades
| Masonry | 1 | |
| Lumber Harvesting | 2 | |
| Plating | 1 | |
| Barrage | 1 | |
5 total
» buildings
| Altar of Kings | 1 | |
| Farm | 10 | |
| Lumber Mill | 2 | |
| Scout Tower | 40 | |
| Guard Tower | 37 | |
| Arcane Tower | 6 | |
| Keep | 4 | |
| Blacksmith | 1 | |
| Castle | 4 | |
| Workshop | 7 | |
| Town Hall | 1 | |
| Arcane Sanctum | 1 | |
114 total
» build order
00:15 Altar of Kings
00:17 Farm
00:27 Lumber Mill
01:22 Scout Tower
01:29 Scout Tower
01:49 Guard Tower
01:49 Guard Tower
01:54 Scout Tower
02:07 Arcane Tower
02:07 Arcane Tower
02:20 Scout Tower
02:28 Guard Tower
02:28 Guard Tower
02:29 Guard Tower
02:36 Scout Tower
02:42 Scout Tower
03:15 Guard Tower
03:18 Scout Tower
03:25 Guard Tower
03:29 Scout Tower
05:13 Scout Tower
05:14 Scout Tower
05:49 Guard Tower
06:02 Scout Tower
06:02 Scout Tower
07:07 Scout Tower
07:17 Guard Tower
07:18 Guard Tower
07:42 Guard Tower
07:42 Guard Tower
07:45 Scout Tower
08:08 Scout Tower
08:09 Scout Tower
08:11 Scout Tower
08:26 Arcane Tower
08:54 Guard Tower
08:54 Guard Tower
09:18 Guard Tower
10:50 Lumber Mill
11:01 Scout Tower
11:07 Scout Tower
11:38 Guard Tower
11:38 Guard Tower
12:20 Scout Tower
12:21 Scout Tower
12:26 Scout Tower
12:27 Scout Tower
12:29 Scout Tower
12:36 Guard Tower
12:36 Guard Tower
12:36 Guard Tower
12:39 Scout Tower
12:40 Scout Tower
13:03 Arcane Tower
13:20 Guard Tower
13:20 Guard Tower
13:36 Farm
13:38 Guard Tower
13:38 Guard Tower
14:06 Scout Tower
14:07 Scout Tower
14:08 Scout Tower
14:09 Scout Tower
14:31 Scout Tower
14:40 Guard Tower
14:40 Guard Tower
14:46 Scout Tower
14:48 Scout Tower
14:54 Scout Tower
15:01 Scout Tower
15:20 Guard Tower
15:20 Guard Tower
15:20 Guard Tower
15:48 Guard Tower
16:18 Guard Tower
16:33 Keep
16:33 Keep
16:33 Keep
16:56 Farm
16:57 Farm
17:16 Scout Tower
17:19 Scout Tower
18:10 Guard Tower
18:11 Arcane Tower
18:39 Guard Tower
18:43 Blacksmith
18:51 Farm
18:51 Farm
19:08 Castle
19:08 Castle
19:09 Castle
21:01 Workshop
21:03 Workshop
23:05 Workshop
23:10 Workshop
23:15 Workshop
23:17 Workshop
23:55 Workshop
24:55 Town Hall
26:10 Farm
26:14 Farm
28:47 Scout Tower
28:47 Scout Tower
29:15 Guard Tower
29:54 Scout Tower
30:38 Arcane Sanctum
31:57 Farm
32:00 Farm
» items
| Healing Salve | 2 | |
| Boots of Speed | 1 | |
| Staff of Teleportation | 1 | |
| Scroll of Regeneration | 2 | |
| Potion of Invisibility | 1 | |
| Potion of Lesser Invulnerability | 1 | |
| Staff of Sanctuary | 1 | |
| Scroll of Town Portal | 1 | |
10 total
JellyBelly. (
orange | 82 APM | 5641 actions | 68:54)
10 Blademaster
3 Wind Walk
3 Critical Strike
1 Bladestorm
3 Mirror Image
» actions
| Assign group hotkey | 24 | |
| Basic commands | 10 | |
| Build / train | 107 | |
| ESC pressed | 3 | |
| Enter build submenu | 52 | |
| Enter hero's abilities submenu | 10 | |
| Give item / drop item | 7 | |
| Right click | 2677 | |
| Select / deselect | 324 | |
| Select group hotkey | 1918 | |
| Use ability | 509 | |
5641 total
» units
» upgrades
| Spiked Barricades | 3 | |
| Reinforced Defenses | 1 | |
| Liquid Fire | 1 | |
| Ranged Weapons | 2 | |
7 total
» buildings
| Altar of Storms | 2 | |
| Orc Burrow | 9 | |
| War Mill | 2 | |
| Voodoo Lounge | 2 | |
| Watch Tower | 24 | |
| Great Hall | 2 | |
| Stronghold | 6 | |
| Fortress | 2 | |
| Beastiary | 8 | |
57 total
» build order
00:08 Altar of Storms
00:21 Orc Burrow
00:51 War Mill
02:25 Voodoo Lounge
02:57 Orc Burrow
04:08 Watch Tower
04:13 Watch Tower
05:50 Great Hall
07:00 Stronghold
07:01 Stronghold
08:32 Watch Tower
08:47 Watch Tower
08:57 Voodoo Lounge
09:03 Watch Tower
09:03 Watch Tower
09:04 Watch Tower
09:33 Watch Tower
09:37 Watch Tower
09:39 Watch Tower
09:41 Watch Tower
09:43 Watch Tower
10:48 Fortress
10:49 Fortress
10:50 Watch Tower
10:53 Watch Tower
10:54 Watch Tower
10:56 Watch Tower
11:03 Watch Tower
11:32 Beastiary
11:32 Beastiary
11:38 Orc Burrow
11:39 Orc Burrow
12:58 Orc Burrow
15:32 Beastiary
15:34 Beastiary
15:47 Beastiary
15:56 Orc Burrow
16:01 Watch Tower
16:01 Watch Tower
25:31 Beastiary
25:46 Beastiary
25:47 Beastiary
25:50 Orc Burrow
26:00 Stronghold
26:00 Stronghold
26:00 Stronghold
26:07 Orc Burrow
26:10 Orc Burrow
27:06 War Mill
31:36 Altar of Storms
39:40 Great Hall
39:42 Watch Tower
39:42 Watch Tower
39:44 Watch Tower
40:49 Watch Tower
41:17 Watch Tower
» items
| Healing Salve | 9 | |
| Lesser Clarity Potion | 20 | |
| Scroll of Speed | 1 | |
| Potion of Lesser Invulnerability | 1 | |
| Staff of Teleportation | 2 | |
| Orb of Lightning | 1 | |
| Scroll of Town Portal | 1 | |
| Dust of Appearance | 2 | |
37 total
TIMG4STRok (
purple | 63 APM | 4344 actions | 68:54)
7 Blademaster
3 Wind Walk
3 Critical Strike
1 Bladestorm
1 Paladin
1 Devotion Aura
» actions
| Assign group hotkey | 32 | |
| Basic commands | 20 | |
| Build / train | 105 | |
| ESC pressed | 6 | |
| Enter build submenu | 58 | |
| Enter hero's abilities submenu | 8 | |
| Give item / drop item | 10 | |
| Right click | 2370 | |
| Select / deselect | 528 | |
| Select group hotkey | 917 | |
| Use ability | 290 | |
4344 total
» units
| Peon | 29 | |
| Troll Batrider | 34 | |
| Raider | 2 | |
| Blue Dragon | 1 | |
66 total
» upgrades
| Spiked Barricades | 1 | |
| Reinforced Defenses | 1 | |
| Liquid Fire | 1 | |
| Ranged Weapons | 3 | |
| Armor | 1 | |
7 total
» buildings
| Altar of Storms | 2 | |
| Orc Burrow | 8 | |
| War Mill | 2 | |
| Voodoo Lounge | 3 | |
| Watch Tower | 36 | |
| Great Hall | 2 | |
| Stronghold | 1 | |
| Beastiary | 3 | |
| Fortress | 1 | |
58 total
» build order
00:05 Altar of Storms
00:14 Orc Burrow
00:27 War Mill
01:22 Voodoo Lounge
02:20 Watch Tower
02:35 Orc Burrow
03:18 Watch Tower
04:07 Great Hall
05:22 Stronghold
05:41 Watch Tower
07:05 Watch Tower
07:10 Watch Tower
07:12 Watch Tower
07:31 Watch Tower
07:32 Watch Tower
08:52 Beastiary
09:03 Watch Tower
09:04 Watch Tower
09:05 Watch Tower
09:23 Beastiary
10:28 Watch Tower
10:29 Watch Tower
10:31 Watch Tower
11:10 Watch Tower
11:11 Watch Tower
11:38 Orc Burrow
11:41 Fortress
11:49 Watch Tower
12:20 Watch Tower
12:21 Watch Tower
12:31 Watch Tower
12:32 Watch Tower
13:31 Watch Tower
13:32 Watch Tower
13:37 Watch Tower
13:38 Watch Tower
13:38 Watch Tower
13:39 Watch Tower
14:20 Voodoo Lounge
14:56 Orc Burrow
15:18 Watch Tower
15:19 Watch Tower
17:46 War Mill
17:48 Watch Tower
17:48 Watch Tower
19:26 Watch Tower
19:27 Watch Tower
22:12 Watch Tower
27:03 Watch Tower
27:03 Watch Tower
28:13 Beastiary
29:31 Voodoo Lounge
29:46 Altar of Storms
29:49 Orc Burrow
29:50 Orc Burrow
29:53 Orc Burrow
29:54 Orc Burrow
35:22 Great Hall
» items
| Lesser Clarity Potion | 9 | |
| Staff of Teleportation | 1 | |
| Boots of Speed | 1 | |
| Dust of Appearance | 2 | |
| Healing Salve | 3 | |
| Orb of Lightning | 1 | |
| Scroll of Town Portal | 1 | |
| Staff of Sanctuary | 1 | |
19 total
Towers4Algernon (
red | 108 APM | 7413 actions | 68:55)
4 Archmage
2 Blizzard
2 Brilliance Aura
3 Paladin
2 Holy Light
1 Divine Shield
3 Mountain King
2 Storm Bolt
1 Bash
» actions
| Assign group hotkey | 367 | |
| Basic commands | 62 | |
| Build / train | 391 | |
| ESC pressed | 1 | |
| Enter build submenu | 236 | |
| Enter hero's abilities submenu | 12 | |
| Give item / drop item | 2 | |
| Remove unit from queue | 13 | |
| Right click | 3250 | |
| Select / deselect | 1796 | |
| Select group hotkey | 805 | |
| Use ability | 477 | |
7413 total
» units
| Peasant | 39 | |
| Dragonhawk Rider | 6 | |
| Gryphon Rider | 1 | |
| Goblin Zeppelin | 14 | |
| Goblin Shredder | 3 | |
| Goblin Sapper | 4 | |
| Flying Machine | 62 | |
129 total
» upgrades
| Masonry | 3 | |
| Lumber Harvesting | 2 | |
| Cloud | 1 | |
| Storm Hammers | 2 | |
| Magic Sentry | 1 | |
| Plating | 3 | |
| Gunpowder | 3 | |
| Flak Cannons | 1 | |
| Flying Machine Bombs | 1 | |
17 total
» buildings
| Altar of Kings | 2 | |
| Farm | 17 | |
| Lumber Mill | 2 | |
| Scout Tower | 217 | |
| Arcane Tower | 7 | |
| Guard Tower | 185 | |
| Keep | 2 | |
| Castle | 3 | |
| Gryphon Aviary | 2 | |
| Arcane Vault | 1 | |
| Arcane Sanctum | 1 | |
| Town Hall | 5 | |
| Blacksmith | 2 | |
| Workshop | 6 | |
452 total
» build order
00:07 Altar of Kings
00:09 Farm
00:34 Lumber Mill
01:03 Scout Tower
01:26 Scout Tower
01:30 Arcane Tower
01:30 Arcane Tower
01:45 Scout Tower
01:45 Scout Tower
01:54 Farm
01:59 Scout Tower
02:00 Scout Tower
02:02 Scout Tower
02:07 Guard Tower
02:08 Guard Tower
02:16 Scout Tower
02:17 Scout Tower
02:22 Farm
02:25 Guard Tower
02:26 Guard Tower
02:36 Scout Tower
02:43 Scout Tower
02:44 Scout Tower
02:53 Guard Tower
02:54 Guard Tower
03:01 Guard Tower
03:02 Guard Tower
03:05 Scout Tower
03:06 Scout Tower
03:19 Guard Tower
03:20 Guard Tower
03:43 Guard Tower
03:55 Scout Tower
03:56 Scout Tower
04:19 Scout Tower
04:50 Guard Tower
05:11 Keep
05:25 Scout Tower
05:36 Scout Tower
05:36 Scout Tower
05:37 Scout Tower
05:43 Scout Tower
05:44 Scout Tower
05:45 Scout Tower
05:50 Scout Tower
05:50 Scout Tower
05:51 Scout Tower
05:59 Scout Tower
06:00 Scout Tower
06:02 Scout Tower
06:03 Scout Tower
06:07 Guard Tower
06:10 Scout Tower
06:11 Scout Tower
06:15 Guard Tower
06:15 Guard Tower
06:15 Guard Tower
06:16 Guard Tower
06:16 Guard Tower
06:16 Guard Tower
06:29 Guard Tower
06:39 Scout Tower
06:41 Scout Tower
06:41 Scout Tower
06:46 Scout Tower
06:47 Scout Tower
06:47 Scout Tower
07:06 Guard Tower
07:06 Guard Tower
07:20 Guard Tower
07:20 Guard Tower
07:24 Scout Tower
07:24 Scout Tower
07:26 Scout Tower
07:26 Scout Tower
07:27 Scout Tower
07:30 Scout Tower
07:31 Scout Tower
07:33 Scout Tower
07:34 Scout Tower
07:37 Arcane Tower
07:38 Arcane Tower
07:38 Arcane Tower
07:38 Guard Tower
07:39 Guard Tower
07:39 Guard Tower
07:44 Scout Tower
08:10 Guard Tower
08:10 Guard Tower
08:23 Guard Tower
08:24 Scout Tower
08:24 Scout Tower
08:26 Scout Tower
08:27 Scout Tower
08:28 Guard Tower
08:28 Guard Tower
08:44 Lumber Mill
09:04 Guard Tower
09:23 Scout Tower
09:25 Guard Tower
09:25 Guard Tower
09:26 Guard Tower
09:29 Scout Tower
09:33 Scout Tower
09:39 Scout Tower
09:40 Scout Tower
09:44 Scout Tower
09:58 Scout Tower
10:10 Guard Tower
10:11 Scout Tower
10:13 Guard Tower
10:15 Scout Tower
10:26 Guard Tower
10:31 Guard Tower
10:31 Guard Tower
10:34 Scout Tower
10:34 Scout Tower
10:35 Scout Tower
10:37 Scout Tower
10:40 Scout Tower
10:40 Scout Tower
10:41 Scout Tower
10:45 Guard Tower
10:46 Guard Tower
11:04 Scout Tower
11:06 Guard Tower
11:07 Scout Tower
11:07 Scout Tower
11:14 Guard Tower
11:14 Guard Tower
11:16 Scout Tower
11:17 Scout Tower
11:17 Scout Tower
11:31 Guard Tower
11:31 Guard Tower
11:43 Guard Tower
11:44 Scout Tower
11:44 Scout Tower
11:45 Scout Tower
11:46 Guard Tower
11:46 Guard Tower
11:54 Scout Tower
11:55 Scout Tower
12:00 Scout Tower
12:23 Guard Tower
12:28 Guard Tower
12:28 Guard Tower
12:37 Farm
12:43 Farm
13:04 Farm
13:07 Castle
13:07 Castle
13:12 Scout Tower
13:13 Scout Tower
13:35 Scout Tower
13:36 Scout Tower
13:59 Scout Tower
14:00 Scout Tower
14:44 Guard Tower
14:44 Guard Tower
14:53 Guard Tower
14:54 Scout Tower
14:55 Scout Tower
15:14 Scout Tower
15:19 Scout Tower
15:21 Scout Tower
15:21 Scout Tower
15:22 Scout Tower
15:23 Scout Tower
15:24 Scout Tower
15:46 Scout Tower
16:16 Guard Tower
16:16 Guard Tower
16:16 Guard Tower
17:02 Scout Tower
17:04 Scout Tower
17:06 Scout Tower
17:06 Scout Tower
17:08 Scout Tower
17:11 Scout Tower
17:14 Scout Tower
17:30 Scout Tower
17:41 Scout Tower
17:42 Scout Tower
17:45 Scout Tower
17:49 Gryphon Aviary
17:49 Gryphon Aviary
17:54 Scout Tower
17:55 Scout Tower
17:56 Scout Tower
17:56 Scout Tower
18:01 Guard Tower
18:01 Guard Tower
18:05 Scout Tower
18:09 Guard Tower
18:20 Scout Tower
18:20 Scout Tower
18:22 Scout Tower
18:23 Scout Tower
18:24 Scout Tower
18:25 Scout Tower
18:31 Guard Tower
18:31 Guard Tower
18:33 Guard Tower
18:33 Guard Tower
18:33 Guard Tower
18:34 Guard Tower
18:35 Scout Tower
18:36 Scout Tower
18:37 Scout Tower
18:38 Scout Tower
18:39 Scout Tower
18:42 Arcane Vault
18:46 Guard Tower
19:02 Scout Tower
19:03 Scout Tower
19:50 Scout Tower
20:10 Guard Tower
20:10 Guard Tower
20:17 Altar of Kings
20:22 Guard Tower
20:23 Guard Tower
21:03 Scout Tower
21:03 Scout Tower
21:04 Scout Tower
21:06 Scout Tower
21:07 Scout Tower
21:07 Scout Tower
21:38 Arcane Sanctum
22:04 Guard Tower
22:04 Guard Tower
22:29 Guard Tower
23:33 Farm
23:33 Farm
23:34 Farm
23:35 Farm
23:55 Scout Tower
23:55 Scout Tower
23:56 Scout Tower
24:47 Guard Tower
24:47 Guard Tower
25:17 Town Hall
25:19 Scout Tower
25:19 Scout Tower
25:20 Scout Tower
25:21 Scout Tower
25:21 Scout Tower
25:22 Scout Tower
25:23 Scout Tower
25:23 Scout Tower
25:24 Scout Tower
25:46 Guard Tower
26:02 Guard Tower
26:22 Town Hall
26:24 Scout Tower
26:25 Scout Tower
26:26 Scout Tower
26:55 Guard Tower
26:55 Guard Tower
26:56 Scout Tower
26:57 Scout Tower
27:11 Guard Tower
27:11 Guard Tower
27:13 Scout Tower
27:13 Scout Tower
27:14 Scout Tower
27:35 Guard Tower
27:35 Guard Tower
27:45 Guard Tower
27:46 Guard Tower
28:06 Town Hall
28:08 Scout Tower
28:08 Scout Tower
28:08 Scout Tower
28:10 Scout Tower
28:10 Scout Tower
28:11 Scout Tower
29:34 Guard Tower
29:55 Guard Tower
29:57 Guard Tower
29:58 Guard Tower
30:44 Guard Tower
30:45 Guard Tower
30:45 Scout Tower
30:46 Scout Tower
30:47 Scout Tower
30:48 Scout Tower
31:17 Guard Tower
31:18 Guard Tower
31:18 Guard Tower
31:37 Town Hall
31:43 Scout Tower
31:44 Scout Tower
31:45 Scout Tower
31:45 Scout Tower
31:46 Scout Tower
31:46 Scout Tower
31:47 Scout Tower
31:48 Scout Tower
32:13 Guard Tower
32:13 Guard Tower
32:34 Guard Tower
32:39 Scout Tower
32:40 Scout Tower
32:42 Scout Tower
32:43 Scout Tower
32:43 Scout Tower
32:44 Scout Tower
32:45 Scout Tower
33:43 Guard Tower
33:43 Guard Tower
33:44 Scout Tower
33:44 Scout Tower
33:45 Scout Tower
33:46 Scout Tower
33:47 Scout Tower
33:47 Scout Tower
33:48 Scout Tower
33:49 Scout Tower
33:49 Scout Tower
33:55 Guard Tower
33:56 Guard Tower
33:57 Scout Tower
33:58 Scout Tower
34:01 Scout Tower
34:01 Scout Tower
34:02 Scout Tower
34:18 Scout Tower
34:19 Scout Tower
34:19 Scout Tower
34:21 Scout Tower
34:27 Scout Tower
34:28 Scout Tower
34:29 Scout Tower
34:30 Scout Tower
34:31 Scout Tower
34:31 Scout Tower
34:36 Scout Tower
34:38 Guard Tower
34:38 Guard Tower
34:39 Guard Tower
34:39 Guard Tower
34:41 Guard Tower
34:41 Guard Tower
34:48 Guard Tower
34:48 Guard Tower
34:48 Scout Tower
34:50 Scout Tower
34:51 Scout Tower
34:52 Scout Tower
34:54 Guard Tower
34:55 Guard Tower
34:55 Guard Tower
35:02 Guard Tower
35:06 Guard Tower
35:22 Guard Tower
35:22 Guard Tower
35:40 Town Hall
35:44 Guard Tower
35:52 Guard Tower
36:00 Guard Tower
36:01 Guard Tower
36:53 Guard Tower
36:53 Guard Tower
36:58 Guard Tower
36:58 Guard Tower
36:58 Guard Tower
37:16 Guard Tower
39:18 Keep
40:45 Scout Tower
40:46 Scout Tower
43:01 Guard Tower
43:28 Scout Tower
43:29 Scout Tower
43:30 Scout Tower
43:34 Scout Tower
43:47 Scout Tower
43:48 Scout Tower
44:05 Guard Tower
44:05 Guard Tower
44:29 Guard Tower
44:29 Guard Tower
44:41 Guard Tower
44:43 Scout Tower
44:43 Scout Tower
46:35 Guard Tower
47:05 Castle
51:27 Blacksmith
51:30 Blacksmith
52:43 Workshop
52:47 Workshop
52:48 Workshop
53:03 Workshop
53:07 Workshop
53:08 Workshop
53:28 Farm
53:39 Farm
53:40 Farm
53:42 Farm
54:36 Farm
54:36 Farm
54:49 Farm
» items
| Healing Salve | 3 | |
| Lesser Clarity Potion | 2 | |
| Staff of Teleportation | 2 | |
| Orb of Lightning | 1 | |
| Scroll of Town Portal | 1 | |
9 total
Chat log
(00:15 / Allies) Towers4Algernon: worker sent
(00:22 / Allies) Towers4Algernon: we tower their side. done
(00:28 / Allies) JellyBelly.: am i feeding mata i guess
(00:42 / Allies) TIMG4STRok: idk im sending a tower
(00:44 / Allies) TIMG4STRok: a single tower
(00:48 / Allies) TIMG4STRok: its all i can afford atm
(00:54 / Allies) Towers4Algernon: a most gracious gift
(01:11 / Allies) TIMG4STRok: need 20 lum
(01:11 / Allies) TIMG4STRok: tho
(01:21 / Allies) Towers4Algernon: just ask our ne.
(01:27 / Allies) TIMG4STRok: w/e i make shop
(01:34 / Allies) TIMG4STRok: did fast mill build
(01:36 / Allies) TIMG4STRok: was bad idea
(01:53 / Allies) JellyBelly.: 4 Algernon!
(02:49 / Allies) Towers4Algernon: how many more towers can i build upwards
(02:50 / Allies) TIMG4STRok: fuck
(02:51 / Allies) Towers4Algernon: before i aggro?
(02:51 / Allies) TIMG4STRok: too
(02:52 / Allies) Towers4Algernon: i forget
(03:21 / Allies) TIMG4STRok: fucking
(03:24 / Allies) JellyBelly.: got a boots loll
(03:24 / Allies) Towers4Algernon: ok that many
(03:24 / Allies) TIMG4STRok: pendant of energy raaarrghhh
(03:50 / Allies) Towers4Algernon: inc
(04:09 / Allies) Towers4Algernon: gayyy
(04:24 / Allies) Towers4Algernon: whats gayer than 2 blades
(04:26 / Allies) Towers4Algernon: just look up here
(04:33 / Allies) JellyBelly.: lol
(04:34 / Allies) TIMG4STRok: coming
(05:07 / Allies) Towers4Algernon: ok i dont need resources
(05:10 / Allies) TIMG4STRok: he
(05:10 / Allies) TIMG4STRok: teched
(05:13 / Allies) Towers4Algernon: going t2 for pala
(05:51 / Allies) TIMG4STRok: make some towers please
(05:59 / Allies) TIMG4STRok: he gonna cancel
(06:01 / Allies) TIMG4STRok: my mfucking expo
(06:22 / Allies) Towers4Algernon: orcs are feeding you noobs
(06:23 / Allies) Towers4Algernon: work it out
(07:09 / Allies) JellyBelly.: damn
(07:09 / Allies) JellyBelly.: this
(08:01 / Allies) Towers4Algernon: haha
(08:12 / Allies) TIMG4STRok: you
(08:13 / Allies) TIMG4STRok: see
(08:13 / Allies) TIMG4STRok: this
(08:14 / Allies) TIMG4STRok: bullshit
(08:23 / Allies) TIMG4STRok: thats the gayest ufkcing thing
(08:31 / Allies) Towers4Algernon: while you wasting time on that
(08:32 / All) rQ.MRG-CoLeXuS: n1
(08:32 / Allies) TIMG4STRok: seriously
(08:34 / Allies) Towers4Algernon: we kinda in troubles here
(08:48 / Allies) TIMG4STRok: wasting time on killing the blade that took nml out of the game ok
(08:58 / Allies) Towers4Algernon: haha the fuck
(09:09 / Allies) Towers4Algernon: get killed by feeders, tahnks
(09:17 / Allies) Towers4Algernon: both of you
(09:18 / Allies) TIMG4STRok: he wont tower
(09:51 / Allies) Towers4Algernon: damn thats in troubletown
(10:41 / Allies) TIMG4STRok: if ud comes bottom they gonna break it
(10:46 / Allies) Towers4Algernon: no shit
(10:57 / Allies) TIMG4STRok: make some towers in your main please
(11:01 / Allies) Towers4Algernon: if orc had any units they'd break also
(11:18 / Allies) TIMG4STRok: they chat hacking or some shit
(11:40 / Allies) Towers4Algernon: ok top is kinda secure
(11:47 / Allies) Towers4Algernon: nede lumber though
(12:40 / Allies) Towers4Algernon: gimme any resource please
(12:53 / Allies) Towers4Algernon: ty ty ty
(13:42 / Allies) TIMG4STRok: gg
(13:54 / Allies) Towers4Algernon: are you erally gonna die with 2k gold
(13:56 / Allies) Towers4Algernon: both of you.
(14:41 / Allies) Towers4Algernon: nice
(14:41 / Allies) Towers4Algernon: one
(14:48 / All) rQ.MRG-CoLeXuS: without luckj
(14:51 / All) rQ.MRG-CoLeXuS: u can play to
(14:57 / All) JellyBelly.: lcuk?
(15:02 / Allies) Towers4Algernon: i'm relocating to top
(15:05 / All) rQ.MRG-CoLeXuS: 2 critical in a row?
(15:10 / All) JellyBelly.: 2 cries in a row
(15:27 / Allies) Towers4Algernon: just fyi purple this is my expo. thanks
(15:31 / Allies) Towers4Algernon: i earned this
(16:08 / Allies) TIMG4STRok: get sentry please
(17:19 / Allies) JellyBelly.: we gotta expand our side
(17:22 / Allies) JellyBelly.: who needs gold
(17:56 / Allies) JellyBelly.: ayo
(17:59 / Allies) JellyBelly.: all frosties dead but 1
(19:09 / Allies) TIMG4STRok: sentry
(19:10 / Allies) TIMG4STRok: please
(19:16 / Allies) Towers4Algernon: gimme resources then
(19:21 / Allies) Towers4Algernon: lum mostly
(20:12 / Allies) TIMG4STRok: ill bat an orc in a sec
(20:52 / Allies) Towers4Algernon: fuck this i gotta expand. gl
(21:17 / Allies) Towers4Algernon: 1b jews my expansion which was probably the gg.
(21:19 / Allies) TIMG4STRok: sentry please
(21:23 / Allies) Towers4Algernon: re
(21:23 / Allies) Towers4Algernon: so
(21:24 / Allies) Towers4Algernon: ur
(21:25 / Allies) Towers4Algernon: ce
(21:25 / Allies) Towers4Algernon: s
(22:18 / Allies) Towers4Algernon: if it werent for great troll by bottom
(22:19 / Allies) JellyBelly.: fuckk
(23:19 / Allies) Towers4Algernon: 20 lumber
(23:25 / Allies) Towers4Algernon: before castle dies thanks
(23:28 / Allies) Towers4Algernon: ok
(25:33 / Allies) JellyBelly.: wood
(25:42 / Allies) JellyBelly.: for staries
(25:43 / Allies) JellyBelly.: k
(25:55 / Allies) Towers4Algernon: we all got tech in our new home?
(27:02 / Allies) Towers4Algernon: gold
(27:03 / Allies) Towers4Algernon: gimme godl
(27:11 / Allies) JellyBelly.: more ?
(27:15 / Allies) Towers4Algernon: is good for now
(28:59 / Allies) Towers4Algernon: gonna defend
(29:47 / Allies) Towers4Algernon: gimme lumber
(29:48 / Allies) Towers4Algernon: pleaze
(30:23 / Allies) TIMG4STRok: nml still no sentry
(30:28 / Allies) Towers4Algernon: i got it at least
(30:38 / Allies) Towers4Algernon: dragons are out but i aint that paid
(30:53 / Allies) TIMG4STRok: reveal
(30:53 / Allies) TIMG4STRok: please
(31:18 / Allies) TIMG4STRok: welp
(31:27 / Allies) Towers4Algernon: im busy dude. sorry
(31:52 / Allies) TIMG4STRok: ineed level 7
(31:54 / Allies) TIMG4STRok: 6
(31:54 / Allies) TIMG4STRok: i mean
(32:02 / Allies) JellyBelly.: helps so much
(32:22 / Allies) Towers4Algernon: come creep
(32:24 / Allies) Towers4Algernon: all
(32:27 / Allies) Towers4Algernon: is mandatory
(32:27 / Allies) TIMG4STRok: almost out
(32:48 / Allies) Towers4Algernon: fuck fuck
(33:14 / Allies) TIMG4STRok: why
(33:15 / Allies) Towers4Algernon: who the fuck trolled me
(33:16 / Allies) TIMG4STRok: bring it down there
(33:32 / Allies) Towers4Algernon: lumber
(34:05 / All) Abuser_oN: i want to break your face...
(34:10 / Allies) TIMG4STRok: some gold
(34:12 / Allies) TIMG4STRok: so i can take expo
(34:20 / Allies) JellyBelly.: gold him red
(34:22 / Allies) Towers4Algernon: did
(34:25 / Allies) TIMG4STRok: ty
(34:48 / Allies) TIMG4STRok: got trueshot aura
(34:51 / Allies) TIMG4STRok: want on your archm i guess
(34:58 / Allies) Towers4Algernon: yeah i might not be getting many nuit
(35:01 / Allies) Towers4Algernon: just towering and expanding
(35:04 / Allies) Towers4Algernon: and staying at 50
(35:10 / Allies) Towers4Algernon: i need many peon for lumber
(35:13 / Allies) TIMG4STRok: ill sell
(35:23 / Allies) Towers4Algernon: dont sell
(35:24 / Allies) Towers4Algernon: we got gold
(35:28 / Allies) Towers4Algernon: guimme lumber
(35:32 / Allies) TIMG4STRok: ok where is archm
(35:35 / Allies) Towers4Algernon: busy
(36:01 / Allies) TIMG4STRok: ml
(36:03 / Allies) TIMG4STRok: you got workers out??
(36:08 / Allies) BorschtSalesman: 2
(36:11 / Allies) Towers4Algernon: need lumberrrr
(36:14 / Allies) JellyBelly.: dnd
(36:14 / Allies) Towers4Algernon: gay
(36:44 / Allies) Towers4Algernon: wow n1 hero
(37:45 / Allies) Towers4Algernon: heh
(38:08 / Allies) Towers4Algernon: can blade scout if they taking expos on our sidfe ?
(38:14 / Allies) Towers4Algernon: we gotta stop it if yes
(38:15 / Allies) TIMG4STRok: gotta heal
(38:21 / Allies) TIMG4STRok: got me some legion doom horn and warsong drums
(38:24 / Allies) Towers4Algernon: mountain expos are not high gold
(38:31 / Allies) Towers4Algernon: good stuff
(38:40 / Allies) TIMG4STRok: giving my boots to mk
(39:25 / Allies) Towers4Algernon: big ol armey
(39:33 / Allies) TIMG4STRok: coming
(39:36 / Allies) TIMG4STRok: for level 6 pklease
(39:42 / Allies) Towers4Algernon: ehh
(40:20 / Allies) Towers4Algernon: sorry but you need balls to get level 6
(40:22 / Allies) Towers4Algernon: cant just lame creeps all day
(40:27 / Allies) TIMG4STRok: i am 6
(40:42 / Allies) TIMG4STRok: lets creep mid
(40:48 / Allies) Towers4Algernon: ok
(40:51 / Allies) Towers4Algernon: go i need exp
(41:08 / Allies) JellyBelly.: wood ?
(41:09 / Allies) JellyBelly.: little
(41:19 / Allies) Towers4Algernon: go
(41:21 / Allies) Towers4Algernon: someone buy dragon
(41:55 / Allies) TIMG4STRok: lmao
(41:55 / Allies) Towers4Algernon: hehhhhh
(42:35 / Allies) TIMG4STRok: gold me
(42:37 / Allies) TIMG4STRok: and ill byu
(42:48 / Allies) Towers4Algernon: use it well please
(42:50 / Allies) Towers4Algernon: no noob shit
(42:53 / Allies) Towers4Algernon: keep staff on you
(43:11 / Allies) Towers4Algernon: invasion?
(43:21 / Allies) Towers4Algernon: ey
(43:52 / All) Towers4Algernon: gg
(43:58 / Allies) JellyBelly.: lol
(44:12 / All) Towers4Algernon: thank us for the game
(44:24 / Allies) TIMG4STRok: gay shade
(44:35 / All) TIMG4STRok: begone
(44:47 / All) JellyBelly.: begone
(44:48 / Allies) BorschtSalesman: want me to tank march now
(44:51 / Allies) Towers4Algernon: go nutså
(44:53 / Allies) Towers4Algernon: i'll cover
(45:54 / Allies) TIMG4STRok: this dude
(45:56 / Allies) TIMG4STRok: focusing bats
(45:56 / Allies) TIMG4STRok: lmao
(46:09 / Allies) Towers4Algernon: damn i am noobing it up
(46:28 / Allies) Towers4Algernon: make sure to keep invuln pot on each hero then just get wiped out
(46:40 / Allies) JellyBelly.: this guy should give us a good one liner before he leaves
(46:50 / Allies) Towers4Algernon: he already said he wanted to break our face
(46:56 / Allies) Towers4Algernon: split up tanks and use them against expos
(46:56 / Allies) JellyBelly.: nah that was yello
(46:59 / Allies) TIMG4STRok: tech castle please
(47:01 / Allies) Towers4Algernon: like that
(47:02 / Allies) TIMG4STRok: for dragon staff
(47:17 / Allies) Towers4Algernon: send
(47:19 / Allies) Towers4Algernon: 3 tank
(47:21 / Allies) Towers4Algernon: to each exp
(47:27 / Allies) Towers4Algernon: only 1 guy still playing so that'll be g
(47:27 / Allies) BorschtSalesman: sending
(47:57 / Allies) Towers4Algernon: ?
(48:02 / Allies) Towers4Algernon: where going
(48:18 / Allies) Towers4Algernon: if you're scared of a little blademaster
(48:26 / Allies) Towers4Algernon: i can buy you like 10 zeps and you can fly around
(48:40 / Allies) JellyBelly.: thier blade doesnt even have an orb
(48:47 / All) Li3chtxcojones: zzzzzzzzzz
(48:52 / All) TIMG4STRok: leave noob
(49:08 / Allies) Towers4Algernon: im making a zep fleet
(49:09 / Allies) Towers4Algernon: for ya tank
(49:34 / All) JellyBelly.: JEEEEttBLING
(49:35 / All) TIMG4STRok: Leave My Presents
(50:24 / Allies) TIMG4STRok: nice shredder not
(50:42 / Allies) Towers4Algernon: uze seps
(50:49 / Allies) TIMG4STRok: sepz
(50:56 / Allies) Towers4Algernon: LMAO
(50:57 / Allies) TIMG4STRok: dango
(51:03 / Allies) TIMG4STRok: gold please
(51:17 / Allies) Towers4Algernon: when my mines go out i'll build some gyro or smth
(51:35 / All) Li3chtxcojones: cucu
(51:39 / All) TIMG4STRok: leave
(51:52 / All) Towers4Algernon: this one just slipped through your fingers yes
(51:56 / All) JellyBelly.: noob
(52:31 / Allies) TIMG4STRok: can you just make 100 gryph
(52:38 / Allies) Towers4Algernon: ehhhhhhhh
(53:00 / Allies) Towers4Algernon: already teching gyro
(53:11 / Allies) Towers4Algernon: turning islands into gyro bases
(53:31 / Allies) BorschtSalesman: going afk for a bit, use my stuff if you want
(53:50 / Allies) TIMG4STRok: turns out
(53:55 / Allies) TIMG4STRok: its impossible to staff him in time
(54:06 / Allies) Towers4Algernon: dragon?
(54:08 / Allies) TIMG4STRok: y
(54:12 / Allies) TIMG4STRok: too laggy
(54:13 / Allies) Towers4Algernon: you lose him?
(54:13 / Allies) TIMG4STRok: for me
(54:16 / Allies) TIMG4STRok: yes
(54:19 / Allies) Towers4Algernon: :S
(54:30 / Allies) JellyBelly.: :S
(54:33 / Allies) TIMG4STRok: :3
(54:38 / Allies) JellyBelly.: :X
(54:45 / Allies) Towers4Algernon: ok training flying machine
(55:01 / Allies) JellyBelly.: blademaster is a certified G
(55:18 / Allies) TIMG4STRok: your blade got shit items
(55:25 / Allies) Towers4Algernon: like rambo
(55:31 / Allies) JellyBelly.: too bad i know how to use him unlike u
(55:34 / Allies) Towers4Algernon: he only carry bandana and big knife
(55:37 / Allies) JellyBelly.: oooooo
(55:46 / Allies) TIMG4STRok: im ognna smash ur face in.
(55:54 / Allies) JellyBelly.: reveal
(56:20 / Allies) TIMG4STRok: spreading fire around is bat equivalent of manny mininhg
(57:23 / All) JellyBelly.: why you still here huh noob
(57:36 / All) Towers4Algernon: to get owned by gyro?
(59:02 / All) JellyBelly.: ur gettin blown up on all fronts
(60:42 / Allies) JellyBelly.: he got a shade?
(60:49 / Allies) Towers4Algernon: gyro would probably see
(61:19 / Allies) TIMG4STRok: fvck
(61:31 / Allies) TIMG4STRok: fvckimvs maximvs
(61:46 / Allies) TIMG4STRok: jeeeeeeeeeeeeeeeeeeeeeeeeeeeeeeeeeeeeeeeeeeeeeeeeeeeeeeeeeeeeeeeee tbling
(61:53 / Allies) TIMG4STRok: a lot of yyro
(62:00 / Allies) TIMG4STRok: gogogo
(62:02 / Allies) Towers4Algernon: i just go for buildings
(62:08 / Allies) Towers4Algernon: glgl
(62:54 / All) JellyBelly.: gl hf
(62:59 / Allies) TIMG4STRok: die
(63:09 / Allies) TIMG4STRok: goukd
(63:09 / Allies) Towers4Algernon: gyro ops are like locust swarms
(63:10 / Allies) TIMG4STRok: gold
(63:11 / Allies) TIMG4STRok: gold
(63:11 / All) Li3chtxcojones: thy
(63:11 / Allies) TIMG4STRok: gold
(63:12 / Allies) TIMG4STRok: ogld
(63:28 / Allies) TIMG4STRok: give me GOLD!
(63:40 / Allies) TIMG4STRok: mata you should make 100 factories
(63:43 / Allies) TIMG4STRok: or workshops
(63:44 / Allies) TIMG4STRok: w/e
(63:52 / Allies) TIMG4STRok: one click of da button and you got a army
(64:25 / Allies) TIMG4STRok: kill peon
(64:25 / Allies) TIMG4STRok: please
(64:33 / Allies) JellyBelly.: wayt
(65:04 / Allies) JellyBelly.: dont u just fucking hate looking at
(65:05 / Allies) Towers4Algernon: i think this is last
(65:06 / Allies) JellyBelly.: an undead army
(65:08 / Allies) Towers4Algernon: yeah
(65:10 / Allies) Towers4Algernon: is the pits
(65:11 / Allies) TIMG4STRok: its the worst
(65:12 / Allies) TIMG4STRok: the wurst
(65:14 / Allies) TIMG4STRok: the bratwurst
(65:17 / Allies) Towers4Algernon: well we wont need to now
(65:18 / Allies) Towers4Algernon: gg
(65:24 / Allies) Towers4Algernon: argh!!!!
(65:35 / Allies) Towers4Algernon: getting hard trolled by this hide
(65:45 / Allies) TIMG4STRok: hes owning the shit outta you
(65:46 / Allies) JellyBelly.: yo this guy is a loser
(65:50 / Allies) JellyBelly.: how long has it just been him
(65:59 / Allies) Towers4Algernon: is nice thing with gyro is no hurry
(66:00 / Allies) TIMG4STRok: gold for blade
(66:01 / Allies) TIMG4STRok: please
(66:15 / Allies) Towers4Algernon: who can afford such a thing.
(66:22 / Allies) TIMG4STRok: not you.....
(66:29 / Allies) TIMG4STRok: towers9898algernon
(66:44 / Allies) JellyBelly.: lol
(66:58 / Allies) TIMG4STRok: make 100 food foots
(66:59 / Allies) TIMG4STRok: and roll in
(67:19 / Allies) TIMG4STRok: some footmen frenzy shit
(67:20 / Allies) TIMG4STRok: you know
(67:22 / Allies) Towers4Algernon: I Know
(67:28 / Allies) Towers4Algernon: kill that some one
(67:29 / Allies) Towers4Algernon: and the peons.
(67:33 / Allies) Towers4Algernon: and i take out this
(68:53 / All) Towers4Algernon: gg?=